 Dungeon Crawl Stone Soup version 0.17-a0-849-g0c87caa (webtiles) character file.

40 FedoraBrony69 the Conjurer (level 3, 0/19 HPs)
             Began as a Deep Elf Conjurer on Apr 27, 2015.
             Slain by Terence
             ... wielding a +0 short sword
              (2 damage)
             ... on level 2 of the Dungeon.
             The game lasted 00:01:36 (1047 turns).

FedoraBrony69 the Conjurer (Deep Elf Conjurer)      Turns: 1047, Time: 00:01:36

Health: 0/19       AC:  2    Str:  5    XL:     3   Next: 30%
Magic:  2/10       EV: 13    Int: 20    God:
Gold:   25         SH:  0    Dex: 15    Spells: 1 memorised, 9 levels left

rFire  . . .     SeeInvis .     l - +0 mace
rCold  . . .     Clarity  .     a - +0 robe
rNeg   . . .     SustAb   .     (no shield)
rPois  .         Gourm    .     (no helmet)
rElec  .         Spirit   .     (no cloak)
rCorr  .         Warding  .     (no gloves)
rMut   .         Stasis   .     (no boots)
MR     .....                    (no amulet)
Stlth  ++........               (no ring)
                                (no ring)

@: not resistant to hostile enchantments, unstealthy
A: no striking features
a: no special abilities


You were on level 2 of the Dungeon.
You were not hungry.

You visited 1 branch of the dungeon, and saw 2 of its levels.

You collected 25 gold pieces.

Inventory:

Hand weapons
 l - a +0 mace (weapon)
Armour
 a - a +0 robe (worn)
Jewellery
 o - an uncursed ring of protection from cold {unknown}
Scrolls
 h - a scroll of enchant weapon {unknown}
 i - 3 scrolls of identify {unknown}
 j - a scroll of enchant armour {unknown}
 n - a scroll of random uselessness {unknown}
Potions
 d - a potion of curing {unknown}
 e - 2 potions of degeneration {unknown}
 m - a potion of heal wounds {unknown}
Books
 b - a book of Conjurations

   Spells                             Type                      Level
   a - Magic Dart                     Conjuration                  1
   b - Searing Ray                    Conjuration                  2
   c - Dazzling Spray                 Conjuration/Hexes            3
   d - Fulminant Prism                Conjuration/Hexes            4
   e - Iskenderun's Mystic Blast      Conjuration                  4
   f - Iskenderun's Battlesphere      Conjuration/Charms           5
Comestibles
 c - a bread ration
 f - a beef jerky
 g - 3 fruits
 k - a slice of pizza


   Skills:
 - Level 2.4 Dodging
 - Level 2.4 Stealth
 + Level 4.2 Spellcasting
 + Level 5.1 Conjurations


You had 9 spell levels left.
You knew the following spells:

 Your Spells              Type           Power        Failure   Level  Hunger
a - Magic Dart            Conj           ###.         1%          1    None


Dungeon Overview and Level Annotations

Branches:
Dungeon (2/15)

Altars:

Annotations:
D:2 Terence


Message History

Terence is heavily wounded.
Terence barely misses you. Terence hits you with a short sword.
You barely miss Terence.
Terence is moderately wounded.
Terence hits you but does no damage. Terence closely misses you.
You barely miss Terence.
Terence is moderately wounded.
Terence closely misses you. Terence hits you with a short sword.
You hit Terence.
Terence is heavily wounded.
Terence zaps a wand.
Terence is healed somewhat.
Terence hits you with a short sword.
You hit Terence.
Terence is moderately wounded.
Terence hits you with a short sword.
* * * LOW HITPOINT WARNING * * *
Terence barely misses you. Terence hits you but does no damage.
Terence hits you with a short sword.
You die...

#########...######......#
.........................#
#........................##
#.#.........................
.........................##
#.#####.##............#..#
#.##............# .#
#.#####.###.....@..!..##.
................@...)....
..........................
..#####......###......##.
..#####......# #.#....#
............####.#....#
..####........##.#....#
..............##.#....
..####[.......##.. ..
#........##.#


You could see Terence.

Vanquished Creatures
  An adder (D:2)
  An ooze (D:2)
  A giant cockroach (D:1)
  A goblin (D:1)
  7 hobgoblins (D:1)
  6 bats
  2 giant newts (D:1)
  2 kobolds
  7 rats (D:1)
28 creatures vanquished.

Notes
Turn   | Place    | Note
--------------------------------------------------------------
     0 | D:1      | FedoraBrony69, the Deep Elf Conjurer, began the quest for the Orb.
     0 | D:1      | Reached XP level 1. HP: 10/10 MP: 6/6
   306 | D:1      | Reached XP level 2. HP: 15/15 MP: 6/8
   930 | D:2      | Reached skill level 5 in Conjurations
   940 | D:2      | Reached XP level 3. HP: 19/19 MP: 3/10
  1023 | D:2      | Noticed Terence
  1047 | D:2      | Slain by Terence

Action                   || total
-------------------------++-------
Melee: Mace              ||    10
 Cast: Magic Dart        ||    58
